AoeStats
← CTM | Grabiel

Enclosed

503901529Analyzed
1v1 RM · 29d ago on Sep 2, 2026· 20m 39s· 2 players
Game mode
Random Map
Map size
Tiny (2 player)
Population
200
Speed
Normal
Resources
Standard
Victory
Conquest
Starting age
Dark Age
Ending age
Imperial Age
RankedLock teamsTeams togetherTeam positionsShared explorationLock speedFull tech treeHidden civsTurbo modeCheats
Victory
Defeat
🇺🇸 Japanese · United States
1970
+14
🇦🇷 Magyars · Argentina
1929
-14
CTM | Grabiel
8:42 Loom
12:14 Feudal Age
17:21 Castle Age
16:11 Double-Bit Axe
twitch.tv/s0laf1d3
6:48 Loom
9:06 Feudal Age
9:16 Man-at-Arms
10:17 Double-Bit Axe
11:56 Arson
18:00 Castle Age
16:19 Horse Collar
17:18 Scale Mail Armor
19:16 Bow Saw
20:19 Wheelbarrow
Connection lost

Rejoining the realm…

Still unreachable

The connection could not be restored.

Session expired

The server has moved on; the page needs a fresh start.